 Dungeon Crawl Stone Soup version 0.20.1-1-g8b1a95d (webtiles) character file.

160 rrRat the Slasher (level 5, -10/47 HPs)
             Began as a Draconian Berserker on Nov 1, 2017.
             Was a Priest of Trog.
             Mangled by a gnoll
             ... wielding a +0 quarterstaff
              (13 damage)
             ... on level 3 of the Dungeon.
             The game lasted 00:36:39 (3253 turns).

rrRat the Slasher (Draconian Berserker)             Turns: 3253, Time: 00:36:39

Health: -10/47     AC:  7    Str: 20    XL:     5   Next: 17%
Magic:  5/5        EV: 13    Int:  7    God:    Trog [***...]
Gold:   132        SH:  0    Dex: 11    Spells: 4/4 levels left

rFire    . . .     SeeInvis .   a - +0 falchion
rCold    . . .     Gourm    .   (no shield)
rNeg     + . .     Faith    .   (armour unavailable)
rPois    .         Spirit   .   (helmet restricted)
rElec    .         Reflect  .   (no cloak)
rCorr    .         Harm     .   m - +1 pair of gloves (curse)
MR       .....                  (no boots)
Stlth    +.........             (no amulet)
Regen    0.2/turn               p - ring of positive energy
MPRegen  0.1/turn               (no ring)

@: berserk cooldown, flying, starving, slowed, very slow
A: unfitting armour, stinger 1, sense surroundings 1, cold-blooded, AC +5
a: Berserk, Trog's Hand, Burn Spellbooks, Renounce Religion


You were on level 3 of the Dungeon.
You worshipped Trog.
Trog was most pleased with you.
You were starving.

You visited 1 branch of the dungeon, and saw 3 of its levels.

You collected 132 gold pieces.

Inventory:

Hand Weapons
 a - a +0 falchion (weapon)
Missiles
 d - 11 poisoned needles
 l - 2 javelins (quivered) {i}
Armour
 m - a cursed +1 pair of gloves (worn)
Jewellery
 p - a ring of positive energy (left hand)
Scrolls
 c - 3 scrolls of enchant armour
 o - a scroll of teleportation {unknown}
Potions
 h - a potion of might
 j - 3 potions of lignification
Comestibles
 b - 4 bread rations
 f - 4 royal jellies
 g - 3 fruits


   Skills:
 * Level 4.3 Fighting
 * Level 4.7 Long Blades
 - Level 3.3 Dodging
 + Level 0.2 Stealth


You had 4 spell levels left.
You didn't know any spells.

Dungeon Overview and Level Annotations

Branches:
Dungeon (3/15)

Altars:
Gozag
Kikubaaqudgha
Okawaru


Innate Abilities, Weirdness & Mutations

Your plain brown scales are hard. (AC +5)
You cannot fit into any form of body armour.
You are cold-blooded and may be slowed by cold attacks.
Your tail ends in a poisonous barb.
You passively map a small area around you.


Message History

You kill the bat!
Trog accepts your kill.
The gnoll hits you from afar with a halberd.
* * * LOW HITPOINT WARNING * * *
The gnoll hits you with a quarterstaff.
* * * LOW HITPOINT WARNING * * *
The gnoll hits you with a club.
* * * LOW HITPOINT WARNING * * *
The gnoll completely misses you. The gnoll closely misses you.
You riposte.
You hit the gnoll but do no damage.
The gnoll is lightly wounded.
You see here a hunting sling.
The gnoll hits you with a club.
* * * LOW HITPOINT WARNING * * *
The gnoll misses you.
The gnoll closely misses you. x2; The gnoll misses you.
It was a potion of flight.
You feel very buoyant.
You fly up into the air.
The gnoll hits you with a quarterstaff!
You die...

, #......#####.#
#.#####..... *
#.####)# #.# #.#
#..... *, #.# #.# #.#
#..... , *. # #.# #.#
#.# #..### ....#.#)##
#.# #.# #..#
.._....)g# #.# *.#
#..# * #....###.# #.#
* #..# ##.. *
#g####.###.#####..#
...
#.gg@.............###
*##
#.########.###.##....
#.# * * #.###### ..#
* #....... #### ,*
######## , * # , * #
* * # * #


You could see 3 gnolls.

Vanquished Creatures
  Natasha (D:2)
  A gnoll (D:3)
  2 adders
  2 oozes
  A worm (D:3)
  5 leopard geckos
  10 orcs (D:3)
  3 giant cockroaches
  4 goblins
  6 hobgoblins
  7 jackals
  13 kobolds
  5 quokkas
  7 bats
  5 frilled lizards
  6 rats
  2 bushes (D:1)
  A plant (D:1)
81 creatures vanquished.

Vanquished Creatures (others)
  A bush (D:1)
1 creature vanquished.

Grand Total: 82 creatures vanquished

Notes
Turn   | Place    | Note
-------+----------+-------------------------------------------
     0 | D:1      | rrRat the Draconian Berserker began the quest for the Orb.
     0 | D:1      | Reached XP level 1. HP: 19/19 MP: 1/1
   273 | D:1      | Reached XP level 2. HP: 25/26 MP: 2/2
  1016 | D:1      | Reached XP level 3. HP: 33/33 MP: 3/3
  1483 | D:2      | Reached ** piety under Trog
  1787 | D:2      | Reached XP level 4. HP: 35/40 MP: 4/4
  1906 | D:2      | Found an opulent altar of Gozag.
  2088 | D:2      | Noticed Natasha
  2102 | D:2      | Killed Natasha
  2526 | D:2      | Found an ancient bone altar of Kikubaaqudgha.
  2683 | D:3      | Gained mutation: Your tail ends in a poisonous barb. [potion of mutation]
  2683 | D:3      | Gained mutation: You passively map a small area around you. [potion of mutation]
  3115 | D:3      | Reached XP level 5. HP: 46/46 MP: 5/5
  3220 | D:3      | Reached *** piety under Trog
  3228 | D:3      | Found an iron altar of Okawaru.
  3245 | D:3      | HP: 2/47 [gnoll/club (1)]
  3253 | D:3      | Mangled by a gnoll

Skill      XL: |  1  2  3  4 |
---------------+-------------+-----
Dodging        | 3 |  3.3
Fighting       | 4 |  4.3
Long Blades    | 4 |  4.7
Stealth        | |  0.2

Action                   |  1- 3 |  4- 6 || total
-------------------------+-------+-------++-------
Melee: Falchion          |   412 |    97 ||   509
       Tailslap          |   101 |    10 ||   111
Invok: Berserk           |     1 |     3 ||     4
  Use: Scroll            |       |     5 ||     5
       Potion            |       |     2 ||     2
  Eat: Meat ration       |     1 |     1 ||     2
Armor: Skin              |    48 |    32 ||    80
Dodge: Dodged            |   111 |    88 ||   199
       Rpst.: Falchion   |    32 |    18 ||    50
